 Dungeon Crawl Stone Soup version 0.20-a0-681-gf83e07f (webtiles) character file.

130 Alarkh the Slasher (level 4, 0/33 HPs)
             Began as a Mummy Skald on Feb 18, 2017.
             Slain by a big kobold
             ... wielding a +0 dagger
              (3 damage)
             ... in a sewer.
             The game lasted 00:02:50 (2476 turns).

Alarkh the Slasher (Mummy Skald)                    Turns: 2476, Time: 00:02:51

Health: 0/33       AC:  4    Str: 14    XL:     4   Next: 89%
Magic:  0/8        EV: 11    Int: 13    God:
Gold:   122        SH:  0    Dex: 11    Spells: 2/8 levels left

rFire    x . .     SeeInvis .   a - +1 falchion
rCold    + + .     Gourm    .   b - +0 leather armour
rNeg     + + +     Faith    .   (no shield)
rPois    ∞         Spirit   .   (no helmet)
rElec    .         Reflect  .   (no cloak)
rCorr    .         Harm     .   (no gloves)
MR       .....                  l - +0 pair of boots
Stlth    +.........             k - amulet of magic regeneration
Regen    0.2/turn               (no ring)
MPRegen  0.2/turn               o - ring of protection from cold

@: very slightly contaminated, drained
A: no food or potions, fire vulnerability, cold resistance 1, negative energy
resistance 3, torment resistance, unbreathing
a: no special abilities


You were in a sewer.
You were not hungry.

You visited 1 branch of the dungeon, and saw 3 of its levels.
You also visited: Sewer.

You collected 122 gold pieces.

Inventory:

Hand Weapons
 a - a +1 falchion (weapon)
Armour
 b - a +0 leather armour (worn)
 l - a +0 pair of boots (worn)
Jewellery
 h - an uncursed amulet of harm
 k - an amulet of magic regeneration (around neck)
 o - a ring of protection from cold (left hand)
Scrolls
 d - 2 scrolls of noise
 e - a scroll of enchant weapon
 f - a scroll of recharging {unknown}
 g - a scroll of remove curse {unknown}
 i - a scroll of random uselessness {unknown}
 j - a scroll of magic mapping {unknown}
 m - a scroll of teleportation {unknown}
 n - a scroll of identify {unknown}
Books
 c - a book of Battle

   Spells                             Type                      Level
   a - Infusion                       Charms                       1
   b - Shroud of Golubria             Charms/Translocation         2
   c - Song of Slaying                Charms                       2
   d - Spectral Weapon                Hexes/Charms                 3
   e - Regeneration                   Charms/Necromancy            3


   Skills:
 - Level 2.0(1.0) Fighting
 + Level 4.2(3.2) Long Blades
 - Level 0.7(0.0) Armour
 - Level 1.5(0.6) Dodging
 - Level 2.6(1.6) Spellcasting
 - Level 2.4(1.4) Charms


You had 2 spell levels left.
You knew the following spells:

 Your Spells              Type           Power        Failure   Level  Hunger
a - Infusion              Chrm           #...         21%         1    N/A
c - Spectral Weapon       Hex/Chrm       #.......     78%         3    N/A
e - Shroud of Golubria    Chrm/Tloc      #.........   38%         2    N/A

Dungeon Overview and Level Annotations

Branches:
Dungeon (3/15)

Altars:


Innate Abilities, Weirdness & Mutations

You do not eat or drink.
Your flesh is vulnerable to fire.
You are immune to poison.
Your flesh is cold resistant. (rC+)
You are immune to negative energy. (rN+++)
You are immune to unholy pain and torment.
You can survive without breathing.


Message History

It is a scroll of enchant weapon.
Your +0 falchion glows red for a moment.
Your magical infusion is running out.
The big kobold hits you with a dagger.
* * * LOW HITPOINT WARNING * * *
The big kobold hits you but does no damage.
Found an amethyst potion.
There is a large open door, spattered with blood here.
Things that are here:
an uncursed blowgun; 11 poisoned needles You hit the big kobold.
The big kobold is heavily wounded.
The big kobold barely misses you.
You riposte.
You hit the big kobold!
The big kobold is almost dead.
You barely miss the big kobold.
The big kobold is almost dead.
You feel yourself speed up.
You are no longer magically infusing your attacks.
The big kobold hits you with a dagger.
You die...

≈≈ ≈ ≈≈≈≈ ≈≈ ≈≈≈≈ ≈≈
##############≈#######
#..[.#≈≈≈.P≈≈≈≈P≈≈..≈≈
#.∩..'≈≈....≈≈≈≈≈≈...≈
#.!..@P≈≈...P≈≈.......
#..!.#K...............
#######(..............
#...............
###(..........P.
#####.........
###.####.. ### ###


You could see a big kobold.

Vanquished Creatures
  2 river rats (D:3)
  2 adders
  6 oozes
  2 worms (D:3)
  6 bats
  5 giant cockroaches
  10 hobgoblins
  13 kobolds
  5 frilled lizards
  9 goblins
  2 rats
62 creatures vanquished.

Notes
Turn   | Place    | Note
-------+----------+-------------------------------------------
     0 | D:1      | Alarkh the Mummy Skald began the quest for the Orb.
     0 | D:1      | Reached XP level 1. HP: 16/16 MP: 4/4
   314 | D:1      | Reached skill level 2 in Long Blades
   347 | D:1      | Reached XP level 2. HP: 22/22 MP: 1/5
   960 | D:2      | Reached skill level 3 in Long Blades
   960 | D:2      | Reached XP level 3. HP: 20/27 MP: 1/7
  1743 | D:3      | Reached XP level 4. HP: 25/33 MP: 3/8
  1801 | D:3      | Learned a level 2 spell: Shroud of Golubria
  1805 | D:3      | Learned a level 3 spell: Spectral Weapon
  2075 | D:3      | Reached skill level 4 in Long Blades
  2084 | D:3      | Found a glowing drain.
  2088 | Sewer    | Entered a sewer
  2465 | Sewer    | Noticed a big kobold
  2476 | Sewer    | Slain by a big kobold

Vault maps used:
D:1:      lemuel_arrival_funnel
D:3:      gup_sewer_entry_bowl
Sewer:    kennysheep_pipe_town

Skill      XL: |  1  2  3  4 |
---------------+-------------+-----
Long Blades    | 2 3 4 |  4.2
Fighting       | |  2.0
Armour         | |  0.7
Dodging        | |  1.5
Spellcasting   | |  2.6
Charms         | |  2.4

Action                   |  1- 3 |  4- 6 || total
-------------------------+-------+-------++-------
Melee: Falchion          |   124 |    79 ||   203
 Cast: Infusion          |    17 |     7 ||    24
       Shroud of Golubri |       |     1 ||     1
  Use: Scroll            |     1 |     1 ||     2
Armor: Leather armour    |    51 |    21 ||    72
Dodge: Dodged            |    93 |    58 ||   151
       Rpst.: Falchion   |    27 |    17 ||    44
